General information
			 
			
        
        - name: BNet
- type: Ladder 1vs1/FFA
- host: Battle.net
- saver: dogsandhorse.ru
 map: Monsoon
- players: 4
- length: 44:24
- speed: Fast
- version: 1.26 W3XP
- replay type:   
 » download(268 KB)
Players
        team 1 (loser) 
              
              
» 
 Player 1
Player 1 (
teal | 74 APM | 1369 actions | 18:31)
              
 5 Archmage
 5 Archmage  2
 2 Summon Water Elemental
 2
 2 Brilliance Aura
 1
 1 Blizzard
 2 Mountain King
 2 Mountain King  1
 1 Storm Bolt
 1
 1 Thunder Clap
 2 Paladin
 2 Paladin  1
 1 Holy Light
 1
 1 Devotion Aura
                | Assign group hotkey | 50 |  | 
| Basic commands | 38 |  | 
| Build / train | 87 |  | 
| Enter build submenu | 23 |  | 
| Enter hero's abilities submenu | 9 |  | 
| Give item / drop item | 7 |  | 
| Remove unit from queue | 2 |  | 
| Right click | 565 |  | 
| Select / deselect | 280 |  | 
| Select group hotkey | 197 |  | 
| Use ability | 110 |  | 
                1369 total
 » units 
                
                | Peasant | 28 |  | 
| Footman | 4 |  | 
| Gryphon Rider | 2 |  | 
| Spell Breaker | 2 |  | 
                36 total
 » upgrades
                
                | Animal War Training | 1 |  | 
| Lumber Harvesting | 2 |  | 
                3 total
 » buildings
                
                | Altar of Kings | 1 |  | 
| Barracks | 1 |  | 
| Farm | 11 |  | 
| Town Hall | 2 |  | 
| Keep | 1 |  | 
| Arcane Vault | 1 |  | 
| Castle | 1 |  | 
| Lumber Mill | 1 |  | 
| Gryphon Aviary | 2 |  | 
| Blacksmith | 1 |  | 
| Arcane Sanctum | 2 |  | 
                24 total
 » build order
                00:10 Altar of Kings
00:22 Barracks
00:36 Farm
00:57 Farm
01:48 Farm
04:23 Town Hall
04:32 Keep
04:35 Arcane Vault
04:38 Farm
05:18 Farm
06:59 Town Hall
07:04 Castle
09:28 Lumber Mill
10:30 Gryphon Aviary
11:09 Gryphon Aviary
13:00 Blacksmith
15:05 Arcane Sanctum
15:06 Arcane Sanctum
16:26 Farm
16:27 Farm
16:30 Farm
17:25 Farm
17:26 Farm
17:30 Farm
» items
                
                | Lesser Clarity Potion | 6 |  | 
| Scroll of Regeneration | 5 |  | 
| Potion of Healing | 3 |  | 
| Potion of Mana | 2 |  | 
| Scroll of Town Portal | 4 |  | 
| Staff of Sanctuary | 3 |  | 
| Scroll of Healing | 2 |  | 
| Tome of Retraining | 1 |  | 
| Periapt of Vitality | 1 |  | 
| Potion of Lesser Invulnerability | 1 |  | 
| Boots of Speed | 1 |  | 
                29 total
  team 2 (winner) 
              
               dogsandhorse.ru
dogsandhorse.ru (
yellow | 157 APM | 6980 actions | 44:24)
              
 6 Archmage
 6 Archmage  2
 2 Summon Water Elemental
 3
 3 Brilliance Aura
 1
 1 Blizzard
 3 Mountain King
 3 Mountain King  2
 2 Storm Bolt
 1
 1 Bash
 2 Paladin
 2 Paladin  1
 1 Holy Light
 1
 1 Divine Shield
                | Assign group hotkey | 59 |  | 
| Basic commands | 11 |  | 
| Build / train | 199 |  | 
| Enter build submenu | 60 |  | 
| Enter hero's abilities submenu | 11 |  | 
| Give item / drop item | 9 |  | 
| Remove unit from queue | 3 |  | 
| Right click | 3889 |  | 
| Select / deselect | 736 |  | 
| Select group hotkey | 1589 |  | 
| Use ability | 414 |  | 
                6980 total
 » units 
                
                | Peasant | 30 |  | 
| Gryphon Rider | 12 |  | 
| Dragonhawk Rider | 2 |  | 
                44 total
 » upgrades
                
                | Masonry | 3 |  | 
| Lumber Harvesting | 2 |  | 
| Animal War Training | 1 |  | 
| Magic Sentry | 1 |  | 
| Armor | 3 |  | 
| Swords | 3 |  | 
| Cloud | 1 |  | 
| Storm Hammers | 1 |  | 
| Sorceress Training | 1 |  | 
                16 total
 » buildings
                
                | Altar of Kings | 1 |  | 
| Farm | 5 |  | 
| Lumber Mill | 2 |  | 
| Scout Tower | 129 |  | 
| Guard Tower | 81 |  | 
| Arcane Tower | 8 |  | 
| Arcane Vault | 2 |  | 
| Keep | 3 |  | 
| Town Hall | 2 |  | 
| Castle | 1 |  | 
| Barracks | 1 |  | 
| Blacksmith | 1 |  | 
| Gryphon Aviary | 1 |  | 
| Arcane Sanctum | 1 |  | 
                238 total
 » build order
                00:12 Altar of Kings
00:22 Farm
00:34 Lumber Mill
00:51 Farm
01:26 Scout Tower
01:28 Scout Tower
01:31 Scout Tower
01:54 Scout Tower
02:05 Scout Tower
02:09 Scout Tower
02:33 Guard Tower
02:34 Arcane Tower
02:59 Guard Tower
03:01 Scout Tower
03:03 Scout Tower
03:03 Scout Tower
03:04 Scout Tower
03:30 Arcane Vault
03:31 Guard Tower
04:06 Guard Tower
04:26 Guard Tower
05:40 Keep
05:41 Keep
05:41 Keep
05:41 Guard Tower
05:43 Scout Tower
05:43 Scout Tower
05:52 Town Hall
05:55 Scout Tower
05:55 Scout Tower
05:56 Scout Tower
05:57 Scout Tower
05:58 Scout Tower
06:26 Guard Tower
06:27 Arcane Tower
06:28 Guard Tower
06:28 Guard Tower
06:28 Guard Tower
06:30 Guard Tower
06:30 Guard Tower
06:31 Guard Tower
06:31 Guard Tower
06:55 Guard Tower
06:56 Guard Tower
06:58 Scout Tower
06:59 Scout Tower
07:13 Guard Tower
07:13 Guard Tower
07:13 Guard Tower
07:27 Guard Tower
07:28 Guard Tower
07:28 Guard Tower
07:28 Guard Tower
07:51 Guard Tower
09:22 Castle
09:43 Scout Tower
09:43 Scout Tower
09:44 Scout Tower
09:44 Scout Tower
09:50 Scout Tower
09:51 Scout Tower
09:52 Scout Tower
09:53 Scout Tower
09:53 Scout Tower
09:59 Barracks
10:01 Blacksmith
10:06 Gryphon Aviary
10:19 Guard Tower
10:40 Farm
10:41 Farm
10:43 Farm
10:51 Arcane Sanctum
11:27 Guard Tower
11:27 Guard Tower
11:38 Guard Tower
11:40 Scout Tower
11:41 Scout Tower
11:41 Scout Tower
12:44 Scout Tower
12:44 Scout Tower
14:00 Guard Tower
14:03 Guard Tower
17:48 Scout Tower
17:49 Scout Tower
17:50 Scout Tower
17:50 Scout Tower
17:51 Scout Tower
17:51 Scout Tower
19:27 Arcane Tower
19:28 Arcane Tower
20:10 Guard Tower
20:11 Guard Tower
20:51 Guard Tower
21:04 Guard Tower
21:31 Scout Tower
21:32 Scout Tower
21:32 Scout Tower
21:33 Scout Tower
21:33 Scout Tower
21:35 Scout Tower
21:36 Scout Tower
21:36 Scout Tower
21:36 Scout Tower
22:05 Guard Tower
24:34 Guard Tower
25:16 Guard Tower
25:54 Arcane Tower
27:04 Scout Tower
27:05 Scout Tower
27:05 Scout Tower
27:06 Scout Tower
27:06 Scout Tower
27:07 Scout Tower
27:08 Scout Tower
27:08 Scout Tower
27:10 Scout Tower
27:10 Scout Tower
27:11 Scout Tower
27:11 Scout Tower
27:12 Scout Tower
27:12 Scout Tower
27:13 Scout Tower
27:13 Scout Tower
27:53 Guard Tower
27:53 Guard Tower
28:03 Guard Tower
28:36 Guard Tower
28:55 Lumber Mill
29:18 Arcane Vault
29:32 Guard Tower
29:34 Scout Tower
29:36 Scout Tower
29:37 Scout Tower
29:53 Guard Tower
29:57 Scout Tower
29:58 Scout Tower
29:58 Scout Tower
29:59 Scout Tower
30:01 Guard Tower
30:33 Guard Tower
30:35 Guard Tower
30:35 Guard Tower
30:40 Guard Tower
31:08 Town Hall
31:37 Scout Tower
31:37 Scout Tower
31:38 Scout Tower
31:38 Scout Tower
31:39 Scout Tower
31:39 Scout Tower
31:40 Scout Tower
31:40 Scout Tower
32:09 Guard Tower
32:11 Guard Tower
32:13 Guard Tower
32:14 Guard Tower
32:14 Guard Tower
32:39 Guard Tower
32:45 Arcane Tower
32:58 Scout Tower
32:59 Scout Tower
32:59 Scout Tower
33:00 Scout Tower
33:02 Scout Tower
33:02 Scout Tower
33:03 Scout Tower
33:21 Scout Tower
33:22 Scout Tower
33:22 Scout Tower
33:23 Scout Tower
33:24 Scout Tower
33:25 Scout Tower
33:27 Scout Tower
33:31 Scout Tower
33:32 Scout Tower
33:32 Scout Tower
33:33 Scout Tower
33:34 Scout Tower
33:35 Scout Tower
33:35 Scout Tower
33:36 Scout Tower
34:14 Guard Tower
34:15 Guard Tower
34:25 Arcane Tower
35:21 Guard Tower
35:40 Scout Tower
35:41 Scout Tower
35:42 Scout Tower
35:42 Scout Tower
35:42 Scout Tower
35:43 Scout Tower
35:44 Scout Tower
35:44 Scout Tower
35:50 Scout Tower
35:50 Scout Tower
35:51 Scout Tower
35:51 Scout Tower
35:52 Scout Tower
35:52 Scout Tower
35:57 Guard Tower
36:01 Guard Tower
36:01 Guard Tower
36:02 Guard Tower
36:21 Guard Tower
36:48 Guard Tower
36:50 Guard Tower
36:50 Guard Tower
36:50 Guard Tower
36:50 Guard Tower
36:51 Guard Tower
37:01 Arcane Tower
41:32 Guard Tower
42:28 Scout Tower
42:29 Scout Tower
42:30 Scout Tower
42:30 Scout Tower
42:31 Scout Tower
42:32 Scout Tower
42:32 Scout Tower
42:33 Scout Tower
43:21 Scout Tower
43:22 Scout Tower
43:23 Scout Tower
43:23 Scout Tower
43:23 Scout Tower
43:24 Scout Tower
43:51 Guard Tower
43:52 Guard Tower
43:54 Guard Tower
43:55 Guard Tower
43:55 Guard Tower
» items
                
                | Scroll of Regeneration | 2 |  | 
| Lesser Clarity Potion | 1 |  | 
| Boots of Speed | 3 |  | 
| Staff of Teleportation | 3 |  | 
| Staff of Sanctuary | 3 |  | 
| Orb of Fire | 2 |  | 
| Scroll of Town Portal | 1 |  | 
| Potion of Healing | 1 |  | 
| Tome of Retraining | 1 |  | 
                17 total
  team 3 (loser) 
              
              
» 
 Player 3
Player 3 (
orange | 98 APM | 4322 actions | 44:13)
              
 6 Blademaster
 6 Blademaster  3
 3 Wind Walk
 2
 2 Critical Strike
 1
 1 Bladestorm
 5 Shadow Hunter
 5 Shadow Hunter  2
 2 Hex
 3
 3 Healing Wave
 5 Tauren Chieftain
 5 Tauren Chieftain  3
 3 War Stomp
 2
 2 Endurance Aura
                | Assign group hotkey | 151 |  | 
| Basic commands | 68 |  | 
| Build / train | 160 |  | 
| ESC pressed | 16 |  | 
| Enter build submenu | 45 |  | 
| Enter hero's abilities submenu | 17 |  | 
| Give item / drop item | 9 |  | 
| Remove unit from queue | 1 |  | 
| Right click | 1911 |  | 
| Select / deselect | 715 |  | 
| Select group hotkey | 961 |  | 
| Use ability | 268 |  | 
                4322 total
 » units 
                
                | Peon | 44 |  | 
| Grunt | 4 |  | 
| Troll Witch Doctor | 7 |  | 
| Spirit Walker | 4 |  | 
| Troll Batrider | 14 |  | 
| Shaman | 7 |  | 
| Tauren | 4 |  | 
| Wind Rider | 3 |  | 
| Demolisher | 2 |  | 
                89 total
 » upgrades
                
                | Spirit Walker Training | 4 |  | 
| Shaman Training | 3 |  | 
| Witch Doctor Training | 2 |  | 
| Armor | 2 |  | 
| Pulverize | 1 |  | 
| Reinforced Defenses | 1 |  | 
| Envenomed Spears | 1 |  | 
| Liquid Fire | 1 |  | 
| Ranged Weapons | 1 |  | 
                16 total
 » buildings
                
                | Altar of Storms | 2 |  | 
| Orc Burrow | 10 |  | 
| Barracks | 1 |  | 
| Voodoo Lounge | 1 |  | 
| Stronghold | 3 |  | 
| Great Hall | 3 |  | 
| War Mill | 1 |  | 
| Spirit Lodge | 2 |  | 
| Fortress | 1 |  | 
| Watch Tower | 26 |  | 
| Beastiary | 2 |  | 
| Tauren Totem | 2 |  | 
                54 total
 » build order
                00:16 Altar of Storms
00:18 Altar of Storms
00:23 Orc Burrow
00:26 Orc Burrow
00:38 Barracks
01:34 Orc Burrow
02:03 Voodoo Lounge
02:58 Stronghold
02:58 Stronghold
02:58 Stronghold
03:46 Orc Burrow
04:57 Great Hall
05:27 War Mill
05:38 Spirit Lodge
06:05 Fortress
06:59 Watch Tower
07:47 Beastiary
07:50 Orc Burrow
08:44 Great Hall
10:37 Tauren Totem
12:54 Tauren Totem
12:56 Beastiary
13:18 Orc Burrow
13:22 Watch Tower
13:23 Watch Tower
13:43 Watch Tower
13:44 Watch Tower
13:46 Watch Tower
16:58 Watch Tower
17:18 Orc Burrow
17:19 Orc Burrow
17:23 Spirit Lodge
18:10 Watch Tower
18:50 Great Hall
21:27 Orc Burrow
24:08 Orc Burrow
32:43 Watch Tower
32:44 Watch Tower
32:44 Watch Tower
32:44 Watch Tower
32:45 Watch Tower
32:47 Watch Tower
32:47 Watch Tower
32:49 Watch Tower
32:49 Watch Tower
32:50 Watch Tower
32:51 Watch Tower
32:52 Watch Tower
34:03 Watch Tower
34:05 Watch Tower
34:08 Watch Tower
34:09 Watch Tower
41:49 Watch Tower
41:52 Watch Tower
» items
                
                | Healing Salve | 6 |  | 
| Lesser Clarity Potion | 9 |  | 
| Scroll of Speed | 4 |  | 
| Boots of Speed | 2 |  | 
| Orb of Lightning | 2 |  | 
| Scroll of Town Portal | 4 |  | 
| Potion of Lesser Invulnerability | 2 |  | 
                29 total
  team 4 (loser) 
              
              
» 
 Player 4
Player 4 (
purple | 137 APM | 6065 actions | 44:22)
              
 9 Warden
 9 Warden  3
 3 Shadow Strike
 3
 3 Blink
 1
 1 Spirit of Vengeance
 2
 2 Fan of Knives
                | Assign group hotkey | 146 |  | 
| Basic commands | 45 |  | 
| Build / train | 120 |  | 
| ESC pressed | 1 |  | 
| Enter build submenu | 63 |  | 
| Enter hero's abilities submenu | 9 |  | 
| Give item / drop item | 3 |  | 
| Remove unit from queue | 2 |  | 
| Right click | 3261 |  | 
| Select / deselect | 973 |  | 
| Select group hotkey | 1141 |  | 
| Use ability | 301 |  | 
                6065 total
 » units 
                
                | Wisp | 42 |  | 
| Archer | 6 |  | 
| Druid of the Talon | 9 |  | 
| Druid of the Claw | 5 |  | 
| Chimaera | 5 |  | 
| Faerie Dragon | 1 |  | 
| Hippogryph | 1 |  | 
| Dryad | 2 |  | 
                71 total
 » upgrades
                
                | Ultravision | 1 |  | 
| Nature's Blessing | 1 |  | 
| Druid of the Talon Training | 2 |  | 
| Druid of the Claw Training | 2 |  | 
| Strength of the Wild | 3 |  | 
| Mark of the Claw | 1 |  | 
| Mark of the Talon | 1 |  | 
| Reinforced Hides | 3 |  | 
| Well Spring | 1 |  | 
| Corrosive Breath | 1 |  | 
| Backpack | 1 |  | 
                17 total
 » buildings
                
                | Altar of Elders | 1 |  | 
| Moon Well | 16 |  | 
| Ancient of War | 10 |  | 
| Tree of Ages | 2 |  | 
| Tree of Life | 9 |  | 
| Hunter's Hall | 1 |  | 
| Ancient of Wind | 2 |  | 
| Tree of Eternity | 2 |  | 
| Ancient of Lore | 1 |  | 
| Ancient of Wonders | 1 |  | 
| Ancient Protector | 3 |  | 
| Chimaera Roost | 1 |  | 
                49 total
 » build order
                00:16 Altar of Elders
00:26 Moon Well
00:33 Moon Well
01:13 Ancient of War
02:18 Moon Well
03:12 Moon Well
03:30 Tree of Ages
03:30 Tree of Ages
04:01 Tree of Life
04:28 Hunter's Hall
06:38 Ancient of Wind
06:41 Ancient of Wind
06:45 Ancient of War
06:47 Ancient of War
06:49 Ancient of War
06:50 Ancient of War
08:26 Ancient of War
08:32 Ancient of War
08:33 Ancient of War
09:47 Tree of Eternity
09:47 Tree of Eternity
09:56 Ancient of Lore
10:17 Ancient of Wonders
11:47 Moon Well
11:47 Moon Well
11:48 Moon Well
12:21 Ancient Protector
12:22 Ancient Protector
12:24 Ancient Protector
13:49 Tree of Life
14:06 Chimaera Roost
15:40 Tree of Life
16:15 Moon Well
28:56 Moon Well
28:57 Moon Well
28:58 Moon Well
30:03 Moon Well
30:03 Moon Well
30:04 Moon Well
30:06 Moon Well
30:07 Moon Well
31:36 Ancient of War
31:45 Ancient of War
35:22 Tree of Life
35:24 Tree of Life
35:26 Tree of Life
35:27 Tree of Life
36:17 Tree of Life
36:23 Tree of Life
» items
                
                | Boots of Speed | 1 |  | 
| Scroll of Town Portal | 1 |  | 
| Potion of Lesser Invulnerability | 1 |  | 
| Orb of Venom | 1 |  | 
                4 total
   Chat log
          (00:35 / All) Player 4: privet
(22:01 / All) dogsandhorse.ru: u guys from europe??
(29:23 / All) Player 3: rofl
(29:24 / All) Player 3: u play
(29:25 / All) Player 3: 2v1
(29:29 / All) dogsandhorse.ru: welcome to war baby
(29:32 / All) Player 4: its a free for all
(29:37 / All) Player 4: that means you are free to fight however
(29:39 / All) Player 3: yes
(29:40 / All) Player 3: its not
(29:41 / All) Player 3: 2v1
(29:45 / All) dogsandhorse.ru: it is now
(30:00 / All) Player 4: thats what freedom means
(30:14 / All) Player 3: difference between
(30:16 / All) Player 3: play
(30:19 / All) Player 3: and focus 1 player
(30:23 / All) dogsandhorse.ru: difference between play 
(30:24 / All) dogsandhorse.ru: and win
(30:26 / All) Player 3: omg
(30:30 / All) Player 3: moon ligh
(30:35 / All) Player 3: but
(30:37 / All) Player 3: u cant win
(30:38 / All) Player 3: both
(31:51 / All) Player 3: who will win
(31:54 / All) Player 3: between you ?
(32:01 / All) Player 4: we rejoice in share victory
(32:05 / All) dogsandhorse.ru: we will smile and shake hands
(32:06 / All) Player 3: so
(32:07 / All) dogsandhorse.ru: that's all that matters
(32:09 / All) Player 3: play 2v2
(32:15 / All) dogsandhorse.ru: we did
(32:22 / All) Player 3: i played alone
(32:24 / All) Player 3: so
(32:25 / All) Player 3: its not
(32:27 / All) Player 3: 2v2
(32:27 / All) Player 4: stupid move
(32:29 / All) dogsandhorse.ru: whose fault is that
(32:34 / All) Player 4: you must forge alliance's to win
(32:37 / All) Player 3: its like honour
(33:16 / All) Player 3: look
(33:18 / All) Player 3: you fear
(33:19 / All) Player 3: me
(33:22 / All) Player 3: like noobs
(33:24 / All) Player 3: ??
(33:27 / All) Player 4: i dont fear you
(33:30 / All) Player 4: all i see is a noob in a box
(33:31 / All) Player 3: u fear me
(33:32 / All) Player 3: or
(33:33 / All) Player 3: u dont
(33:35 / All) Player 3: play 2v1
(33:37 / All) Player 3: noob
(34:44 / All) Player 3: men
(34:47 / All) Player 3: its fun
(34:48 / All) Player 3: but
(34:49 / All) Player 3: what
(34:51 / All) Player 3: hapens
(34:53 / All) Player 3: u cant
(34:55 / All) Player 3: kill me
(34:56 / All) Player 3: 2v1
(34:58 / All) Player 3: .....................................
(35:00 / All) Player 3: ??????????????????????????
(35:56 / All) Player 3: elf
(35:58 / All) Player 3: he will pown u
(36:04 / All) Player 4: ??? 
(36:05 / All) dogsandhorse.ru: i will never pown my friend
(36:07 / All) Player 4: we ally's
(36:12 / All) Player 3: rofl
(36:13 / All) Player 3: play 2v2
(36:15 / All) Player 3: and dont
(36:17 / All) dogsandhorse.ru: we are
(36:21 / All) Player 3: play ffa
(36:23 / All) Player 3: u just said
(36:24 / All) Player 3: its ffa
(36:26 / All) Player 4: we play 2v2
(36:29 / All) Player 3: its not 2v2
(36:30 / All) Player 4: your ally is already dead
(36:35 / All) Player 3: thanks you guys
(36:37 / All) Player 3: because u know
(36:41 / All) Player 3: i can beat u both
(36:43 / All) Player 3: and so
(36:46 / All) Player 3: its a "2v2"
(36:50 / All) Player 3: because u and ur friend
(36:54 / All) Player 3: dont make me fear
(36:55 / All) Player 4: from?:)
(36:55 / All) Player 3: i know
(36:57 / All) Player 3: i'm better
(37:02 / All) Player 3: and u know
(37:05 / All) Player 3: that i am better
(37:09 / All) Player 3: and u just need
(37:11 / All) Player 3: to
(37:13 / All) Player 3: fear
(37:15 / All) Player 3: make towers
(37:18 / All) Player 3: and wait
(37:20 / All) Player 3: in my base
(37:25 / All) Player 3: like veritable mens
(37:27 / All) Player 3: with balls
(37:28 / All) Player 3: and all
(37:33 / All) Player 3: not like fucking noob girls
(39:04 / All) Player 3: elf
(39:07 / All) Player 3: is
(39:09 / All) Player 3: mass tower
(39:19 / All) Player 3: mass exe
(39:20 / All) Player 3: during
(39:22 / All) Player 3: u pown me
(39:23 / All) Player 4: come fight like mens
(39:24 / All) Player 3: so
(39:59 / All) Player 3: i dont know
(40:01 / All) Player 3: if u can imagine
(40:04 / All) Player 3: in all my life
(40:05 / All) Player 3: of ffa
(40:07 / All) Player 3: i never see that
(40:20 / All) Player 3: its ok
(40:23 / All) Player 3: if u want to kill me
(40:24 / All) Player 3: but
(40:26 / All) Player 3: u cant all the game
(40:27 / All) Player 3: u need
(40:30 / All) Player 3: destroy exe
(40:32 / All) Player 3: of ur ennemy
(40:33 / All) Player 3: because
(40:34 / All) Player 3: its
(40:36 / All) Player 3: ur ennemy
(41:20 / All) Player 3: who get me ???
(41:25 / All) dogsandhorse.ru: both of us :- )
(41:26 / All) Player 4: yellow kill steal
(41:37 / All) Player 3: i dont understand u
(41:41 / All) Player 3: is it really fun ?
(41:48 / All) Player 4: you turtle... no fun
(41:49 / All) Player 4: no fair
(42:18 / All) Player 3: look
(42:22 / All) Player 3: walking together
(42:59 / All) Player 3: u r funny